 Dungeon Crawl Stone Soup version 0.32-a0-391-gce5c0aab1b (webtiles) character file.

Game seed: 7823476891955642079

19651 cforsyth the Carver (level 12, -7/105 HPs)
             Began as a Coglin Gladiator on Feb 20, 2024.
             Was a High Priest of Wu Jian.
             Mangled by a minotaur
             ... wielding a +3 broad axe of distortion
              (9 damage)
             ... in a Gauntlet.
             The game lasted 00:29:59 (11889 turns).

cforsyth the Carver (Coglin Gladiator)             Turns: 11889, Time: 00:30:00

Health: -7/105     AC: 19    Str: 11    XL:     12   Next: 71%
Magic:  21/21      EV: 22    Int: 13    God:    Wu Jian [*****.]
Gold:   646        SH:  2    Dex: 23    Spells: 11/11 levels left

rFire   . . .        a - +2 long sword (holy) {Yejun}
rCold   . . .        q - +2 long sword (flame) {Takurtum}
rNeg    . . .        G - +0 acid dragon scales
rPois   .            I - +0 helmet
rElec   +            s - +0 cloak
rCorr   +            x - +1 pair of gloves
SInv    .            o - +2 pair of boots
Will    .....        N - amulet "Kac Cops" {rElec Regen+ Str-3 Int+3 Dex+4}
Stlth   ++           t - ring of the Octopus King {HP+2 MP+9 AC+2 EV+2 SH+2}
HPRegen 0.37/turn    T - +4 ring of protection
MPRegen 0.17/turn

%: no teleportation
@: mighty, revving, stiff-legged, very slow
A: off-hand wielding, slow wielding, warmup strikes, warmup strides
a: Renounce Religion, Wall Jump, Serpent's Lash, Heavenly Storm


You were in a Gauntlet.
You worshipped Wu Jian.
Wu Jian was extremely pleased with you.
You visited 2 branches of the dungeon, and saw 13 of its levels.
You also visited: Ossuary and Gauntlet.

You collected 828 gold pieces.
You spent 182 gold pieces at shops.


Innate Abilities, Weirdness & Mutations

You can wield a second weapon in your off-hand.
It takes a long time for you to wield or remove held weapons.
Your first few attacks do less damage.
Your first movements take longer.


   Skills:
 + Level 12.3 Fighting
 + Level 12.4 Long Blades
 - Level 1.7 Throwing
 + Level 11.3 Dodging


You had 11 spell levels left.
You didn't know any spells.
Your spell library contained the following spells:

 Spells                   Type           Power      Damage    Failure   Level
 Shock                    Conj/Air       0%         1d3       43%         1
 Summon Small Mammal      Summ           0%         N/A       43%         1
 Ensorcelled Hibernation  Hex/Ice        0%         N/A       58%         2
 Call Canine Familiar     Summ           0%         N/A       82%         3
 Passwall                 Erth           0%         N/A       82%         3
 Swiftness                Air            0%         N/A       82%         3
 Airstrike                Air            0%         2d(0-16)  99%         4
 Summon Blazeheart Golem  Fire/Summ      0%         N/A       99%         4

Inventory:

Hand Weapons
 a - a +2 long sword of holy wrath (weapon) {Yejun}
 q - a +2 long sword of flaming (worn) {Takurtum}
Missiles
 d - 3 throwing nets (quivered) {=f}
 e - a javelin
Armour
 o - a +2 pair of boots (worn)
 s - a +0 cloak (worn)
 x - a +1 pair of gloves (worn)
 G - +0 acid dragon scales (worn)
 I - a +0 helmet (worn)
 Q - a scarf of invisibility
Magical Staves
 p - a staff of air {!a}
Jewellery
 b - an amulet of faith {!P}
 c - a ring of ice
 t - a ring of the Octopus King (left grasper) {HP+2 MP+9 AC+2 EV+2 SH+2}
   (You found it in a Gauntlet)

   [ring of magical power]

   AC+2:      It affects your AC (+2).
   EV+2:      It affects your evasion (+2).
   HP+2:      It affects your health (+2).
   MP+9:      It affects your magic capacity (+9).
   SH+2:      It affects your SH (+2).
 C - a ring of protection from cold
 L - a ring of flight
 N - the amulet "Kac Cops" (around neck) {rElec Regen+ Str-3 Int+3 Dex+4}
   (You found it in a Gauntlet)

   [amulet of regeneration]

   Str-3:     It affects your strength (-3).
   Int+3:     It affects your intelligence (+3).
   Dex+4:     It affects your dexterity (+4).
   rElec:     It insulates you from electricity.
   Regen+:    It increases your rate of health regeneration.
 R - a ring of resist corrosion
 S - a +6 ring of strength
 T - a +4 ring of protection (right grasper)
Wands
 w - a wand of flame (19)
 z - a wand of quicksilver (17)
 B - a wand of digging (1)
 E - a wand of mindburst (19)
 H - a wand of polymorph (11)
Scrolls
 g - 2 scrolls of enchant weapon
 h - 3 scrolls of blinking
 m - a scroll of fear
 r - 2 scrolls of immolation {unknown}
 v - a scroll of torment
 y - a scroll of fog
 D - 3 scrolls of amnesia
 F - 2 scrolls of enchant armour
 J - 6 scrolls of teleportation {@r2}
 M - a scroll of vulnerability
 O - a scroll of summoning
 P - 2 scrolls of noise {unknown}
Potions
 f - a potion of might
 i - 8 potions of curing {@q1}
 j - 2 potions of attraction
 k - 2 potions of enlightenment
 l - a potion of magic
 n - a potion of lignification
 u - a potion of mutation
 A - a potion of brilliance
 K - 9 potions of ambrosia

Dungeon Overview and Level Annotations

Branches:
Dungeon (12/15)            Temple (1/1) D:5            Lair (0/5) D:9
    Orc (0/2) D:9         Ossuary (visited)         Gauntlet (1/1)

Altars:
Ashenzari
Cheibriados
Dithmenos
Elyvilon
Fedhas
Gozag
Hepliaklqana
Kikubaaqudgha
Makhleb
Nemelex Xobeh
Okawaru
Qazlal
Ru
Sif Muna
Trog
Uskayaw
Vehumet
Wu Jian
Xom
Yredelemnul
Zin
The Shining One

Shops:
D:3 (   D:11 **

Portals:
Ice
Cave: D:12

Annotations:
D:8 2 transporters Gauntlet 4 transporters

▓...▒▒▒▒▒ ▒▒ ..▒...▒ß..©
... ...▒.ß.▒©... ▒▒.▒
▒.ß.▒.⌠.▒ß..© ... .
©.▒.ß.▒▒▒▒▒
..▒.▒.ß.▒...▒....
░░░░░░░░.▒.▒.©.▒...▒.⌠[ß
ß[ß[ß.ß░...▒.ß.▒.ß.▒..P.
∩.....H@.▒▒▒.©.▒.∩.▒.▒.©
ß}ß)ß.ß░...▒.ß.▒.ß.▒..P.
░░░░░░░░.▒.▒.©.▒...▒.▒.░
.....▒.▒.ß.▒...▒...©
▒ß........©.▒.ß.▒▒▒▒▒
▒▒.▒▒.▒▒▒.ß.▒.⌠.▒ß..©
▒..........▒.ß.▒©...
▒▒▒▒▒▒▒▒...▒...▒ß..©
▓≈≈≈▓...▒▒▒▒▒


You could see a minotaur.


Message History

Unknown command.
You hit the minotaur but do no damage.
You hit the minotaur with your +2 long sword of flaming.
You burn the minotaur. The minotaur misses you.
The minotaur gores you but does no damage.
You hit the minotaur but do no damage.
The minotaur is lightly wounded.
You slash the minotaur with your +2 long sword of flaming!
You burn the minotaur.
The minotaur hits you with a +3 broad axe of distortion.
* * * LOW HITPOINT WARNING * * *
The minotaur gores you.
* * * LOW HITPOINT WARNING * * *
You hit the minotaur but do no damage.
The minotaur is moderately wounded.
The minotaur blocks your attack.
The minotaur hits you with a +3 broad axe of distortion!!
* * * LOW HITPOINT WARNING * * *
The minotaur misses you.
Unknown command.
Unknown command.
The minotaur blocks your attack.
The minotaur is moderately wounded.
The minotaur blocks your attack.
The minotaur hits you with a +3 broad axe of distortion.
* * * LOW HITPOINT WARNING * * *
Space warps horribly around you!!
* * * LOW HITPOINT WARNING * * *
The minotaur gores you!
You die...

Skill      XL: |  1  2  3  4  5  6  7  8  9 10 11 12 |
---------------+-------------------------------------+-----
Dodging        | 3 4 5 6 7 9 10 11 | 11.3
Fighting       | 3 4 5 6 8 9 11 12 | 12.3
Long Blades    | 4 5 7 8 10 11 12 | 12.4
Throwing       | |  1.7

Action                     |  1- 3 |  4- 6 |  7- 9 | 10-12 || total
---------------------------+-------+-------+-------+-------++-------
  Melee: Long sword        |    76 |   136 |   318 |   951 ||  1481
         Short sword       |       |    46 |   224 |       ||   270
Ability: Lunge             |       |       |    12 |    29 ||    41
         Whirlwind         |       |       |       |    50 ||    50
  Evoke: Wand              |       |     3 |     1 |     4 ||     8
    Use: Scroll            |       |    10 |     3 |     9 ||    22
         Potion            |       |       |     4 |    11 ||    15
   Stab: Sleeping          |     3 |     2 |       |       ||     5
         Distracted        |       |     1 |       |       ||     1
 Armour: Leather armour    |    46 |    45 |       |       ||    91
         Ring mail         |       |    25 |   141 |    30 ||   196
         Skin              |       |       |    18 |    95 ||   113
         Acid dragon scale |       |       |       |   261 ||   261
  Dodge: Dodged            |    61 |   117 |   149 |   460 ||   787

Levels and vault maps discovered:
D:1:      nzn_arrival_water_spiral, layout_loops_corners
D:2:      layout_loops_ring, ebering_ecumenical_altar_webs
D:3:      layout_basic, serial_shops, nicolae_shop_hallway_plus,
          hangedman_decor_push
D:4:      layout_basic, overflow_temple_1_default
D:5:      layout_cave_pools, slow_altar_2, minmay_temple_entry_slanted,
          enter_ossuary_5, uniq_ijyb, uniq_pikel, uniq_grinder
D:6:      layout_loops_ring, uniq_menkaure, uniq_eustachio, uniq_maggie,
          uniq_crazy_yiuf_cottage
D:7:      layout_loops_ring, minmay_door_square
D:8:      layout_cave_pools, regret_index_xom_of_box, lemuel_round_altar,
          gammafunk_temple_of_torment
D:9:      layout_gridville, minmay_lair_entry_grove, hiddenorc1_lemuel,
          special_room [special_room_bee]
D:10:     layout_irregular_city, nicolae_tso_swordbearing_angel
D:11:     layout_loops_corners, serial_shops, nicolae_shop_crystal,
          nicolae_shop_tiny_real_fake_doors, zin_academy, uniq_grum
D:12:     layout_basic, gauntlet_entry_generic,
          portal_ice_cave_entry_ice_simulacra, ashenzari_altar_1, uniq_nessos
Temple:   bh_familiar_temple
Gauntlet: gammafunk_gauntlet_77_escape_option
          [minmay_gauntlet_arena_77_p_blocks, minmay_gauntlet_arena_77_path,
          minmay_gauntlet_arena_77_museum, minmay_gauntlet_arena_77_braids,
          minmay_gauntlet_arena_77_block_sizes,
          nicolae_gauntlet_exit_dead_adventurers]

Notes
Turn   | Place    | Note
-------+----------+-------------------------------------------
     0 | D:1      | cforsyth the Coglin Gladiator began the quest for the Orb.
     0 | D:1      | Reached XP level 1. HP: 16/16 MP: 1/1
   215 | D:1      | Reached XP level 2. HP: 19/22 MP: 2/2
   305 | D:1      | Reached skill level 3 in Dodging
   320 | D:1      | Reached XP level 3. HP: 12/28 MP: 3/3
  1018 | D:1      | Reached XP level 4. HP: 34/34 MP: 4/4
  1146 | D:2      | Reached skill level 3 in Fighting
  1416 | D:2      | Found a faded altar of an unknown god.
  1921 | D:3      | Reached skill level 4 in Long Blades
  1933 | D:3      | Found Yte Lot's Antique Weapon Boutique.
  2065 | D:3      | Reached XP level 5. HP: 41/41 MP: 5/5
  2782 | D:4      | Found a hazy altar of Hepliaklqana.
  2789 | D:4      | Reached skill level 4 in Dodging
  2862 | D:4      | Reached XP level 6. HP: 30/48 MP: 6/6
  2962 | D:4      | Reached skill level 4 in Fighting
  3728 | D:5      | Entered Level 5 of the Dungeon
  3746 | D:5      | Noticed Grinder
  3751 | D:5      | Paralysed by Grinder for 3 turns
  3754 | D:5      | Killed Grinder
  3755 | D:5      | Reached skill level 5 in Long Blades
  3755 | D:5      | Reached XP level 7. HP: 29/55 MP: 7/7
  3801 | D:5      | Noticed Ijyb
  3807 | D:5      | Killed Ijyb
  3882 | D:5      | Reached skill level 5 in Fighting
  3882 | D:5      | Reached skill level 5 in Dodging
  3883 | D:5      | Noticed a troll
  3887 | D:5      | HP: 2/56 [troll (6)]
  3896 | D:5      | Killed a troll
  3897 | D:5      | Reached XP level 8. HP: 7/63 MP: 8/8
  4094 | D:5      | Found a sand-covered staircase.
  4099 | Ossuary  | Entered an ossuary
  4108 | Ossuary  | Reached skill level 6 in Long Blades
  4302 | Ossuary  | Noticed Menkaure
  4373 | Ossuary  | Killed Menkaure
  4633 | Ossuary  | Reached skill level 6 in Fighting
  5064 | D:5      | Noticed Pikel
  5086 | D:5      | Killed Pikel
  5087 | D:5      | Reached skill level 7 in Long Blades
  5087 | D:5      | Reached skill level 6 in Dodging
  5087 | D:5      | Reached XP level 9. HP: 37/71 MP: 9/9
  5317 | D:5      | Reached skill level 7 in Fighting
  5465 | D:5      | Found a staircase to the Ecumenical Temple.
  5482 | Temple   | Entered the Ecumenical Temple
  5497 | Temple   | Became a worshipper of the Wu Jian Council
  5558 | D:5      | Found a snail-covered altar of Cheibriados.
  5720 | D:6      | Identified the +9 orcbow "Diotaoro" {freeze, rElec}
  5797 | D:6      | Noticed Eustachio
  5811 | D:6      | Killed Eustachio
  5812 | D:6      | Reached skill level 7 in Dodging
  6174 | D:6      | Found a runed translucent door.
  6175 | D:6      | Noticed Crazy Yiuf
  6265 | D:6      | Noticed Maggie
  6276 | D:6      | Killed Maggie
  6277 | D:6      | Reached skill level 8 in Long Blades
  6304 | D:6      | Reached skill level 8 in Fighting
  6490 | D:6      | Killed Crazy Yiuf
  6808 | D:7      | Reached XP level 10. HP: 81/81 MP: 10/10
  6880 | D:7      | Reached * piety under Wu Jian
  6891 | D:7      | You fall into a shaft and drop 1 floor!
  6929 | D:8      | Reached skill level 8 in Dodging
  6971 | D:8      | Reached skill level 9 in Long Blades
  7513 | D:8      | Found a hide-covered altar of Uskayaw.
  7548 | D:8      | Reached skill level 9 in Fighting
  7797 | D:8      | Found a transporter.
  7801 | D:8      | Found a transporter.
  7820 | D:8      | Found a basalt altar of Yredelemnul.
  7824 | D:8      | Noticed a death knight
  7834 | D:8      | Found an ancient bone altar of Kikubaaqudgha.
  7959 | D:8      | Found a shimmering altar of Xom.
  8146 | D:8      | Reached ** piety under Wu Jian
  8626 | D:9      | Reached *** piety under Wu Jian
  8631 | D:9      | Reached skill level 9 in Dodging
  8687 | D:9      | Noticed a two-headed ogre
  8696 | D:9      | Killed a two-headed ogre
  8697 | D:9      | Reached skill level 10 in Long Blades
  8697 | D:9      | Reached XP level 11. HP: 74/90 MP: 11/11
  8774 | D:9      | Found a staircase to the Orcish Mines.
  8798 | D:9      | Found a staircase to the Lair.
  8803 | D:9      | Reached skill level 10 in Fighting
  9037 | D:9      | Reached **** piety under Wu Jian
  9655 | D:10     | Entered Level 10 of the Dungeon
  9660 | D:10     | Reached skill level 10 in Dodging
  9669 | D:10     | Reached skill level 11 in Long Blades
  9788 | D:10     | Noticed a two-headed ogre
  9799 | D:10     | Killed a two-headed ogre
  9800 | D:10     | Reached skill level 11 in Fighting
 10177 | D:10     | Found a glowing golden altar of the Shining One.
 10608 | D:10     | Reached XP level 12. HP: 100/100 MP: 12/12
 10753 | D:11     | Found Tacyt's General Store.
 10776 | D:11     | Noticed Grum
 10784 | D:11     | Killed Grum
 11053 | D:11     | Found a glowing silver altar of Zin.
 11178 | D:11     | Noticed a two-headed ogre
 11183 | D:11     | Killed a two-headed ogre
 11400 | D:11     | Found Ugoitay's Assorted Antiques.
 11403 | D:11     | Bought a scroll labelled CORRIE PYUTTON for 26 gold pieces
 11403 | D:11     | Bought a scroll of teleportation for 78 gold pieces
 11403 | D:11     | Bought a scroll of teleportation for 78 gold pieces
 11698 | D:12     | Found a frozen archway.
 11709 | D:12     | Found a gate leading to a gauntlet.
 11718 | Gauntlet | Entered a Gauntlet
 11718 | Gauntlet | Found a transporter.
 11742 | Gauntlet | Found a transporter.
 11742 | Gauntlet | Found a transporter.
 11742 | Gauntlet | Found a transporter.
 11755 | Gauntlet | Found a runed translucent door.
 11755 | Gauntlet | Found a transporter.
 11756 | Gauntlet | Found a transporter.
 11756 | Gauntlet | Found a transporter.
 11761 | Gauntlet | Reached skill level 11 in Dodging
 11763 | Gauntlet | Reached skill level 12 in Long Blades
 11780 | Gauntlet | Found a transporter.
 11784 | Gauntlet | Found a transporter.
 11784 | Gauntlet | Found a transporter.
 11786 | Gauntlet | Reached skill level 12 in Fighting
 11802 | Gauntlet | Found the ring of the Octopus King
 11802 | Gauntlet | Found a transporter.
 11809 | Gauntlet | Reached ***** piety under Wu Jian
 11821 | Gauntlet | Found a transporter.
 11821 | Gauntlet | Found a transporter.
 11822 | Gauntlet | Noticed a reaper
 11823 | Gauntlet | Identified a ring of the Octopus King {HP+2 MP+9 AC+2 EV+2
                  | SH+2}
 11849 | Gauntlet | Killed a reaper
 11851 | Gauntlet | Found a transporter.
 11856 | Gauntlet | Identified the amulet "Kac Cops" {rElec Regen+ Str-3 Int+3
                  | Dex+4}
 11883 | Gauntlet | Identified the +1 plate armour of Sloth {rF+ Will+ rCorr}
 11883 | Gauntlet | Noticed a minotaur
 11889 | Gauntlet | HP: 2/105 [minotaur/+3 broad axe of distortion (19)]
 11889 | Gauntlet | Mangled by a minotaur

Vanquished Creatures
  A reaper (Gauntlet)
  3 two-headed ogres
  Pikel (D:5)
  3 large abominations (Gauntlet)
  A manticore (D:11)
  An eye of devastation (Gauntlet)
  Maggie (D:6)
  A queen bee (D:9)
  2 trolls
  Grinder (D:5)
  2 raiju (Gauntlet)
  2 glass eyes (Gauntlet)
  29 yaks
  2 wraiths
  Eustachio (D:6)
  5 wyverns
  A fire bat (D:8)
  Grum (D:11)
  4 steam dragons
  Menkaure (Ossuary)
  2 acid dragons
  3 water moccasins
  3 ice beasts
  5 small abominations (Gauntlet)
  5 orc warriors
  A black bear (D:6)
  2 centaurs
  2 ogres
  3 wolves (D:11)
  A lemure (D:5)
  A phantom (D:5)
  2 kobold brigands
  2 scorpions
  A bullfrog (D:9)
  19 wights
  A troll zombie (Ossuary)
  29 killer bees
  2 howler monkeys
  2 bombardier beetles
  3 jellies
  2 hounds
  A centaur zombie (Ossuary)
  Crazy Yiuf (D:6)
  6 orc priests
  A sleepcap (D:6)
  Ijyb (D:5)
  5 iguanas
  11 orc wizards
  A spriggan simulacrum (D:12)
  3 ogre zombies (Ossuary)
  6 mummies (Ossuary)
  7 gnolls
  8 adders
  2 shadow imps (Gauntlet)
  A white imp (D:5)
  6 adder zombies (Ossuary)
  2 dart slugs
  2 ribbon worms
  43 orcs
  8 ball pythons
  5 endoplasms
  2 giant cockroaches (D:3)
  6 goblins
  14 hobgoblins
  4 jackals (D:1)
  3 quokkas
  2 bats (D:2)
  2 frilled lizards
  3 goblin zombies (Ossuary)
  5 hobgoblin zombies (Ossuary)
  16 kobolds
  4 kobold zombies (Ossuary)
  3 quokka zombies (Ossuary)
  4 rats
  4 rat zombies (Ossuary)
346 creatures vanquished.

Table legend: (Time is in decaauts)
 A = Elapsed time spent in this place.
 B = Non-inter-level travel time spent in this place.
 C = Inter-level travel time spent in this place.
 D = Time resting spent in this place.
 E = Time spent auto-exploring this place.
 F = Levels seen in this place.
 G = Mean time per level.
                   A        B        C        D        E       F      G
               +--------+--------+--------+--------+--------+-----+--------+
         Total |  12287 |  11732 |    555 |    923 |   8368 |  15 |  819.1 |
       Dungeon |  11142 |  10617 |    525 |    738 |   7901 |  12 |  928.5 |
        Temple |     31 |      1 |     30 |      0 |      0 |   1 |   31.0 |
       Ossuary |    918 |    918 |      0 |    185 |    467 |   1 |  918.0 |
      Gauntlet |    195 |    195 |      0 |      0 |      0 |   1 |  195.0 |
               +--------+--------+--------+--------+--------+-----+--------+

Top non-repeatable levels by time:
     D:9: 1494 daAuts
     D:1: 1210 daAuts
     D:4: 1107 daAuts
    D:10: 1102 daAuts
     D:5: 1093 daAuts
     D:8: 1031 daAuts
    D:11: 982 daAuts
     D:6: 975 daAuts
 Ossuary: 918 daAuts
     D:2: 838 daAuts
     D:3: 723 daAuts
     D:7: 561 daAuts
Gauntlet: 195 daAuts
  Temple: 31 daAuts
    D:12: 22 daAuts

Table legend:
 A = Non-vault XP
 B = Vault XP
 C = Vault XP percentage of total XP
 D = Non-vault monster count
 E = Vault monster count
 F = Vault count percentage of total count
                 A         B        C        D         E       F
            +---------+---------+-------+---------+---------+-------
      Total |   15435 |   12638 |  45.0 |     224 |     121 |  35.1
            +---------+---------+-------+---------+---------+-------
        D:1 |      84 |       0 |   0.0 |      29 |       0 |   0.0
        D:2 |      55 |       0 |   0.0 |      13 |       0 |   0.0
        D:3 |      81 |       0 |   0.0 |      15 |       0 |   0.0
        D:4 |     211 |       0 |   0.0 |      16 |       0 |   0.0
        D:5 |    1004 |     945 |  48.5 |      15 |       4 |  21.1
        D:6 |     623 |     617 |  49.8 |      14 |       3 |  17.6
        D:7 |     951 |       0 |   0.0 |      18 |       0 |   0.0
        D:8 |    1932 |     272 |  12.3 |      30 |       2 |   6.2
        D:9 |    3332 |    4017 |  54.7 |      39 |      51 |  56.7
       D:10 |    4559 |       0 |   0.0 |      27 |       0 |   0.0
       D:11 |    2603 |     542 |  17.2 |       8 |       4 |  33.3
       D:12 |       0 |      33 | 100.0 |       0 |       1 | 100.0
    Ossuary |       0 |     551 | 100.0 |       0 |      37 | 100.0
   Gauntlet |       0 |    5661 | 100.0 |       0 |      19 | 100.0
            +---------+---------+-------+---------+---------+-------
